 Dungeon Crawl Stone Soup version 0.29.0-13-gc9e81de378 (webtiles) character file.

Game seed: 1833600222835621981

11383 smilodon the Myrmidon (level 11, -7/77 HPs)
             Began as a Demonspawn Fighter on Sept 8, 2022.
             Was an Elder of Okawaru.
             Mangled by a skeletal warrior
             ... wielding a +0 war axe
              (16 damage)
             ... on level 11 of the Dungeon.
             The game lasted 00:23:50 (15264 turns).

smilodon the Myrmidon (Demonspawn Fighter)         Turns: 15264, Time: 00:23:51

Health: -7/77      AC: 30    Str: 18 (21) XL:     11   Next: 48%
Magic:  14/18      EV: 11    Int:  8      God:    Okawaru [****..]
Gold:   817        SH:  7    Dex: 15 (16) Spells: 20/20 levels left

rFire   . . .      SeeInvis +   i - +4 spear
rCold   + . .      Faith    .   c - +0 buckler
rNeg    + . .      Spirit   .   l - +2 pearl dragon scales
rPois   .          Reflect  .   (helmet restricted)
rElec   +          Harm     .   j - +0 cloak
rCorr   .          Rampage  .   t - +2 pair of gloves {Stlth+}
Will    .....                   (no boots)
Stlth   ++........              (no amulet)
HPRegen 0.22/turn               n - ring of see invisible
MPRegen 0.16/turn               o - +4 ring of protection

@: mighty, heroic, finesse-ful
A: horns 2, thin metallic scales 3, demonic magic 1, hooves 1, agile 1, cold
resistance 1, frail 1
a: Renounce Religion, Heroism, Finesse


You were on level 11 of the Dungeon.
You worshipped Okawaru.
Okawaru was greatly pleased with you.
You visited 1 branch of the dungeon, and saw 11 of its levels.
You also visited: Ossuary.

You collected 817 gold pieces.

Inventory:

Hand Weapons
 a - a +0 trident
 d - a +3 quarterstaff of chaos
 i - a +4 spear (weapon)
 k - a +0 short sword of venom
 m - a +0 vampiric hand axe
 z - a +5 vampiric dagger
 I - the +8 longbow "Zephyr" {speed, Dex+3 SInv}
   (You found it on level 9 of the Dungeon)

   Attacks with this weapon are significantly faster.
   Dex:       It affects your dexterity (+3).
   SInv:      It lets you see invisible.
Missiles
 f - 20 boomerangs (quivered)
 F - 6 javelins
 G - 12 poisoned darts
Armour
 b - a +0 scale mail
 c - a +0 buckler (worn)
 j - a +0 cloak (worn)
 l - +2 pearl dragon scales (worn)
 t - a +2 pair of gloves of stealth (worn)
Jewellery
 n - a ring of see invisible (left hand)
 o - a +4 ring of protection (right hand)
 w - an amulet of regeneration
 J - a ring of willpower
 L - a ring of protection from fire
Wands
 q - a wand of digging (17)
 s - a wand of paralysis (10)
 K - a wand of polymorph (4)
Scrolls
 g - 5 scrolls of immolation
 h - 2 scrolls of amnesia
 u - a scroll of fear
 v - 5 scrolls of magic mapping
 y - 2 scrolls of vulnerability
 D - a scroll of teleportation
 H - 2 scrolls of poison
 N - a scroll of noise
Potions
 e - 4 potions of curing
 p - a potion of attraction
 r - 2 potions of lignification
 A - 2 potions of mutation
 B - 4 potions of ambrosia
 C - a potion of invisibility
Miscellaneous
 M - a phantom mirror


   Skills:
 + Level 7.8(12.8) Fighting
 - Level 5.6(10.6) Short Blades
 * Level 7.1(12.3) Axes
 - Level 2.1(10.0) Polearms
 + Level 7.1(12.1) Armour
 + Level 7.2(12.2) Shields
 * Level 5.1 Spellcasting
 + Level 9.0 Invocations


You had 20 spell levels left.
You didn't know any spells.
Your spell library contained the following spells:

 Spells                   Type           Power      Damage    Failure   Level
 Blink                    Tloc           4%         N/A       80%         2
 Ensorcelled Hibernation  Hex/Ice        4%         N/A       80%         2
 Poisonous Vapours        Pois/Air       4%         N/A       80%         2
 Sublimation of Blood     Necr           2%         N/A       80%         2
 Confusing Touch          Hex            2%         N/A       95%         3
 Lesser Beckoning         Tloc           2%         N/A       95%         3
 Portal Projectile        Hex/Tloc       4%         N/A       95%         3
 Spider Form              Tmut/Pois      2%         N/A       95%         3
 Anguish                  Hex/Necr       1%         N/A       100%        4
 Cause Fear               Hex            1%         N/A       100%        4
 Corpse Rot               Necr/Pois/Air  2%         N/A       100%        4
 Leda's Liquefaction      Hex/Erth       1%         N/A       100%        4
 Petrify                  Tmut/Erth      2%         N/A       100%        4
 Blade Hands              Tmut           1%         N/A       100%        5
 Borgnjor's Vile Clutch   Necr/Erth      1%         N/A       100%        5
 Irradiate                Conj/Tmut      1%         3d12      100%        5
 Manifold Assault         Tloc           2%         N/A       100%        5
 Yara's Violent Unravell  Hex/Tmut       1%         3d3       100%        5
 Dragon Form              Tmut           1%         N/A       100%        7
 Enfeeble                 Hex            1%         N/A       100%        7
 Call Canine Familiar     Summ           Unusable   N/A       N/A         3
 Tukima's Dance           Hex            Unusable   N/A       N/A         3
 Animate Dead             Necr           Unusable   N/A       N/A         4
 Death Channel            Necr           Unusable   N/A       N/A         6
 Dragon's Call            Summ           Unusable   N/A       N/A         9

Dungeon Overview and Level Annotations

Branches:
Dungeon (11/15)            Temple (0/1) D:5            Lair (0/5) D:8
    Orc (0/2) D:9         Ossuary (visited)

Altars:
Dithmenos
Fedhas
Hepliaklqana
Makhleb
Nemelex Xobeh
Okawaru
Sif Muna
Uskayaw

Shops:
D:3 :   D:10 [

Annotations:
D:9 4 runed translucent doors


Innate Abilities, Weirdness & Mutations

You have a pair of horns on your head.
You are completely covered in thin metallic scales. (AC +4, rElec)
Spells you cast may paralyse adjacent enemies.
You have large cloven feet.
You are agile. (Dex +4, Str/Int -1)
Your flesh is cold resistant. (rC+)
You are frail. (-10% HP)


Message History

The skeletal warrior hits you with a +0 long sword.
You puncture the skeletal warrior!
You kick the skeletal warrior, but do no damage.
The skeletal warrior is moderately damaged.
You puncture the skeletal warrior!
The skeletal warrior is moderately damaged.
You barely miss the skeletal warrior.
You kick the skeletal warrior, but do no damage.
The skeletal warrior is moderately damaged.
You block the skeletal warrior's attack. x3
You barely miss the skeletal warrior. Your kick misses the skeletal warrior.
You headbutt the skeletal warrior!
The skeletal warrior is heavily damaged.
You hit the skeletal warrior. Your kick misses the skeletal warrior.
The skeletal warrior is heavily damaged.
You puncture the skeletal warrior! You kick the skeletal warrior.
The skeletal warrior is almost destroyed.
The skeletal warrior hits you with a +0 war axe!!
You block the skeletal warrior's attack.
The skeletal warrior hits you with a +0 long sword.
You puncture the skeletal warrior!
You destroy the skeletal warrior!
Okawaru is honoured by your kill.
Your Spellcasting skill increases to level 5!
Your Invocations skill increases to level 9!
The skeletal warrior attacks as you move away!
The skeletal warrior closely misses you.
The skeletal warrior attacks as you move away!
You block the skeletal warrior's attack.
The skeletal warrior throws a stone.
The stone hits you.
The skeletal warrior throws a stone.
You block the stone.
The skeletal warrior throws a stone.
The stone hits you but does no damage.
The skeletal warrior attacks as you move away!
The skeletal warrior hits you with a +0 war axe.
The skeletal warrior attacks as you move away!
The skeletal warrior hits you with a +0 war axe!
* * * LOW HITPOINT WARNING * * *
The skeletal warrior attacks as you move away!
The skeletal warrior hits you with a +0 war axe!
You die...

#################################
.................................
.....#..#.....###......#...##....
.#...............................
....##########################...
....#....[....# #.#.
....###)###################+##†..
.......<........@z..z............
.....#..#..#..#.......#..........
####.............................
#......####################... #
#.#....# #).. # #......### #... #
+.......... .... # #..........#
..#. # #..........# #..#.


You could see 2 skeletal warriors.

Vanquished Creatures
  A two-headed ogre (D:10)
  A skeletal warrior (D:11)
  An ugly thing (D:9)
  A manticore (D:11)
  2 trolls
  2 hornets
  Grinder (D:6)
  Prince Ribbit (D:8)
  Sigmund (D:4)
  4 vampires
  2 wraiths
  4 wyverns
  Eustachio (D:6)
  Grum (D:9)
  3 yaks (D:9)
  2 steam dragons
  5 vampire mosquitoes
  2 water moccasins (D:6)
  Duvessa (D:7)
  10 orc warriors
  A sky beast (D:7)
  A black bear (D:5)
  2 ogres
  4 wolves (D:9)
  6 centaurs
  A phantom (D:6)
  An elf zombie (Ossuary)
  4 kobold brigands
  A gnoll sergeant (D:9)
  2 bullfrogs
  2 scorpions
  A necrophage (D:6)
  4 wights
  Dowan (D:7)
  7 killer bees
  A howler monkey (D:9)
  A centaur zombie (Ossuary)
  3 human zombies (Ossuary)
  3 hounds
  5 orc priests
  Crazy Yiuf (D:2)
  A gnoll bouda (D:9)
  9 iguanas
  7 orc wizards
  A hound zombie (Ossuary)
  3 mummies (Ossuary)
  Robin (D:4)
  8 adders
  2 white imps (D:7)
  4 adder zombies (Ossuary)
  5 dart slugs
  53 orcs
  An endoplasm (D:1)
  5 giant cockroaches
  A gnoll zombie (Ossuary)
  10 goblins
  6 hobgoblins (D:4)
  4 jackals (D:2)
  21 kobolds
  6 quokkas
  6 ball pythons
  5 bats
  2 frilled lizards
  6 goblin zombies (Ossuary)
  2 hobgoblin zombies (Ossuary)
  A jackal zombie (Ossuary)
  2 kobold zombies (Ossuary)
  4 quokka zombies (Ossuary)
  11 rats
  7 rat zombies (Ossuary)
292 creatures vanquished.

Vanquished Creatures (others)
  A fungus (D:2)
1 creature vanquished.

Grand Total: 293 creatures vanquished

Notes
Turn   | Place    | Note
-------+----------+-------------------------------------------
     0 | D:1      | smilodon the Demonspawn Fighter began the quest for the
                  | Orb.
     0 | D:1      | Reached XP level 1. HP: 18/18 MP: 1/1
    76 | D:1      | Gained mutation: You are partially covered in thin metallic
                  | scales. (AC +2) [demonic ancestry]
    76 | D:1      | Reached XP level 2. HP: 13/24 MP: 2/2
   569 | D:1      | You fall into a shaft and drop 1 floor!
   712 | D:1      | Gained mutation: You have a pair of small horns on your
                  | head. [demonic ancestry]
   712 | D:1      | Reached XP level 3. HP: 29/29 MP: 3/3
   875 | D:1      | Gained mutation: You are frail. (-10% HP) [potion of
                  | mutation]
   875 | D:1      | Gained mutation: You have hidden genetic potential. [potion
                  | of mutation]
   875 | D:1      | Gained mutation: You have a pair of horns on your head.
                  | [potion of mutation]
   875 | D:1      | Gained mutation: Your flesh is cold resistant. (rC+)
                  | [potion of mutation]
  1157 | D:2      | Reached skill level 1 in Short Blades
  1551 | D:2      | Found a runed translucent door.
  1552 | D:2      | Noticed Crazy Yiuf
  1559 | D:2      | Killed Crazy Yiuf
  1560 | D:2      | Reached XP level 4. HP: 8/31 MP: 4/4
  1581 | D:2      | Gained mutation: You are agile. (Dex +4, Str/Int -1)
                  | [hidden potential]
  1855 | D:3      | Found an iron altar of Okawaru.
  1879 | D:3      | Became a worshipper of Warmaster Okawaru
  1935 | D:3      | Found a burning altar of Makhleb.
  2123 | D:3      | Found Ileax's Book Shoppe.
  2192 | D:3      | Found a hazy altar of Hepliaklqana.
  2553 | D:3      | Reached skill level 1 in Invocations
  2553 | D:3      | Reached XP level 5. HP: 9/37 MP: 5/5
  2905 | D:3      | Gained mutation: You have large cloven feet. [hidden
                  | potential]
  2905 | D:3      | Lost mutation: You have hidden genetic potential. [hidden
                  | potential expressed]
  3598 | D:4      | Reached * piety under Okawaru
  3599 | D:4      | Reached skill level 2 in Invocations
  3599 | D:4      | Reached XP level 6. HP: 38/43 MP: 7/7
  3834 | D:4      | Noticed Robin
  3853 | D:4      | Killed Robin
  4022 | D:4      | Noticed Sigmund
  4029 | D:4      | Killed Sigmund
  4593 | D:5      | Entered Level 5 of the Dungeon
  4650 | D:5      | Gained mutation: You are mostly covered in thin metallic
                  | scales. (AC +3) [demonic ancestry]
  4650 | D:5      | Reached XP level 7. HP: 41/48 MP: 9/9
  4745 | D:5      | Found a staircase to the Ecumenical Temple.
  4855 | D:5      | Reached skill level 3 in Invocations
  4953 | D:5      | Reached ** piety under Okawaru
  5306 | D:5      | Reached skill level 4 in Invocations
  5738 | D:6      | Found a shimmering blue altar of Sif Muna.
  5771 | D:6      | Gained mutation: You are completely covered in thin
                  | metallic scales. (AC +4, rElec) [demonic ancestry]
  5771 | D:6      | Reached XP level 8. HP: 40/54 MP: 11/11
  5850 | D:6      | Reached skill level 5 in Fighting
  5873 | D:6      | Reached skill level 5 in Short Blades
  5876 | D:6      | Reached *** piety under Okawaru
  5990 | D:6      | Reached skill level 5 in Invocations
  6205 | D:6      | Reached skill level 5 in Shields
  6477 | D:6      | Noticed Grinder
  6484 | D:6      | Noticed Eustachio
  6485 | D:6      | Killed Grinder
  6486 | D:6      | Reached skill level 1 in Axes
  6486 | D:6      | Reached skill level 5 in Armour
  6500 | D:6      | Killed Eustachio
  6501 | D:6      | Reached XP level 9. HP: 61/61 MP: 11/13
  6956 | D:6      | Reached skill level 6 in Invocations
  7282 | D:7      | Found a sand-covered staircase.
  7303 | Ossuary  | Entered an ossuary
  7404 | Ossuary  | Reached **** piety under Okawaru
  7903 | D:7      | Noticed Dowan
  7903 | D:7      | Noticed Duvessa
  7914 | D:7      | Killed Dowan
  7916 | D:7      | Killed Duvessa
  8408 | D:7      | Found a sparkling altar of Nemelex Xobeh.
  8415 | D:7      | Reached skill level 7 in Invocations
  9332 | D:8      | Noticed Prince Ribbit
  9353 | D:8      | Killed Prince Ribbit
  9354 | D:8      | Gained mutation: Spells you cast may paralyse adjacent
                  | enemies. [demonic ancestry]
  9354 | D:8      | Reached XP level 10. HP: 61/69 MP: 15/15
  9397 | D:8      | Found a staircase to the Lair.
  9658 | D:8      | Reached skill level 5 in Axes
  9658 | D:8      | Reached skill level 1 in Spellcasting
  9940 | D:8      | Found a blossoming altar of Fedhas.
 10637 | D:9      | Found a staircase to the Orcish Mines.
 11660 | D:9      | Found a large runed translucent door.
 11660 | D:9      | Found a large runed translucent door.
 11706 | D:9      | Reached skill level 8 in Invocations
 11770 | D:9      | Noticed a green ugly thing
 11772 | D:9      | Noticed a brown ugly thing
 11795 | D:9      | Found the +8 longbow "Zephyr" {speed, Dex+3 SInv}
 11967 | D:9      | Found a large runed translucent door.
 11968 | D:9      | Found a large runed translucent door.
 12076 | D:9      | Reached ***** piety under Okawaru
 12092 | D:9      | Noticed a white ugly thing
 12110 | D:9      | Killed a white ugly thing
 12251 | D:9      | Reached XP level 11. HP: 75/75 MP: 17/17
 12260 | D:9      | Noticed Grum
 12291 | D:9      | Killed Grum
 12409 | D:9      | Found a hide-covered altar of Uskayaw.
 12589 | D:10     | Entered Level 10 of the Dungeon
 12599 | D:10     | Noticed a two-headed ogre
 12616 | D:10     | Killed a two-headed ogre
 13620 | D:10     | Found Fimoe's Armour Shop.
 13645 | D:10     | Found a shadowy altar of Dithmenos.
 15231 | D:11     | Noticed a skeletal warrior
 15234 | D:11     | Noticed a skeletal warrior
 15234 | D:11     | Noticed a skeletal warrior
 15249 | D:11     | Killed a skeletal warrior
 15250 | D:11     | Reached skill level 5 in Spellcasting
 15250 | D:11     | Reached skill level 9 in Invocations
 15264 | D:11     | Mangled by a skeletal warrior

Illustrated notes

Levels and vault maps discovered:
D:1:      dpeg_arrival_rhombus, layout_basic, st_stairs_4
D:2:      layout_loops_ring, minmay_fountain_box, uniq_crazy_yiuf_cottage
D:3:      layout_basic, okawaru_metal_pillars_3, overflow_temple_1_default,
          mainiacjoe_overflow_paths, serial_shops, shop
D:4:      layout_layer_cave, uniq_robin, uniq_sigmund
D:5:      layout_loops_ring, lemuel_temple_firewalk_b
D:6:      layout_loops_cross, kennysheep_little_box, uniq_grinder,
          uniq_eustachio
D:7:      layout_layer_cave, mainiacjoe_overflow_brackets,
          nicolae_ossuary_entry_ruins, uniq_duvessa
D:8:      layout_basic, mainiacjoe_overflow_catwalk, lair_entry_dummy,
          minmay_stone_trees_small, item_on_display_a, uniq_prince_ribbit1
D:9:      layout_cross, nicolae_overflow_two_pavilions, david_orc_5,
          minmay_hollow_rounded_squares, uniq_grum
D:10:     layout_gridville, lemuel_doored_altar, serial_shops, shop_coins
D:11:     layout_stronghold, grunt_decor_arrowhead

Skill      XL: |  1  2  3  4  5  6  7  8  9 10 11 |
---------------+----------------------------------+-----
Polearms       | 2 |  2.1
Armour         | 3 4 5 6 7 |  7.1
Shields        | 3 4 5 6 7 |  7.2
Short Blades   | 1 2 3 4 5 |  5.6
Invocations    | 1 2 4 5 7 8 9 |  9.0
Fighting       | 4 5 6 7 |  7.8
Axes           | 1 4 6 7 |  7.1
Spellcasting   | 3 5 |  5.1

Action                   |  1- 3 |  4- 6 |  7- 9 | 10-12 || total
-------------------------+-------+-------+-------+-------++-------
Melee: Trident           |    51 |       |       |       ||    51
       Short sword       |    71 |   112 |   205 |       ||   388
       Headbutt          |     8 |    22 |   127 |   141 ||   298
       Kick              |       |    14 |   193 |   216 ||   423
       Hand axe          |       |       |   312 |   618 ||   930
       Spear             |       |       |     3 |    10 ||    13
Throw: Boomerang         |       |       |     1 |     5 ||     6
Invok: Heroism           |       |       |     4 |    11 ||    15
       Finesse           |       |       |     1 |    11 ||    12
Evoke: Wand              |       |       |       |    11 ||    11
  Use: Potion            |     4 |     3 |     2 |     4 ||    13
       Scroll            |     1 |     5 |     8 |     7 ||    21
Armor: Scale mail        |    46 |    49 |    13 |       ||   108
       Skin              |       |     2 |       |       ||     2
       Pearl dragon scal |       |       |   297 |   397 ||   694
Dodge: Dodged            |    56 |    45 |   204 |   282 ||   587
Block: Buckler           |    28 |    21 |   116 |   215 ||   380
